 Dungeon Crawl Stone Soup version 0.29.0-11-gd7f09526c8 (webtiles) character file.

Game seed: 2934832964169727091

18683 Persephone the Spear-Bearer (level 12, -4/111 HPs)
             Began as a Hill Orc Fighter on Sept 5, 2022.
             Was a Priest of Beogh.
             Slain by an enormous slime creature (45 damage)
             ... on level 12 of the Dungeon.
             The game lasted 00:20:23 (15275 turns).

Persephone the Spear-Bearer (Hill Orc Fighter)     Turns: 15275, Time: 00:20:23

Health: -4/111     AC: 22    Str: 24    XL:     12   Next: 61%
Magic:  12/12      EV:  9    Int:  8    God:    Beogh [***...]
Gold:   647        SH: 18    Dex: 10    Spells: 11/11 levels left

rFire   + . .      SeeInvis +   o - +3 trident
rCold   . . .      Faith    .   E - +2 kite shield {reflect}
rNeg    . . .      Spirit   .   x - +4 scale mail
rPois   .          Reflect  +   G - +1 helmet {rF+}
rElec   .          Harm     +   k - scarf {harm}
rCorr   .          Rampage  .   K - +2 pair of gloves
Will    .....                   F - +2 pair of boots {Fly}
Stlth   ..........              p - amulet of reflection
HPRegen 0.28/turn               t - ring of see invisible
MPRegen 0.13/turn               (no ring)

@: flying
A: no striking features
a: Renounce Religion, Smiting


You were on level 12 of the Dungeon.
You worshipped Beogh.
Beogh was most pleased with you.
You visited 2 branches of the dungeon, and saw 13 of its levels.

You collected 861 gold pieces.
You spent 214 gold pieces at shops.

Inventory:

Hand Weapons
 o - a +3 trident (weapon)
Armour
 b - the +0 pair of boots of Ashenzari's Generosity {Str+2 Int+5}
   (You acquired it on level 4 of the Dungeon)

   Str:       It affects your strength (+2).
   Int:       It affects your intelligence (+5).
 k - a scarf of harm (worn)
 x - a +4 scale mail (worn)
 E - a +2 kite shield of reflection (worn)
 F - a +2 pair of boots of flying (worn)
 G - a +1 helmet of fire resistance (worn)
 K - a +2 pair of gloves (worn)
Jewellery
 f - an amulet of guardian spirit
 p - an amulet of reflection (around neck)
 t - a ring of see invisible (left hand)
 D - the amulet of Elemental Vulnerability {rPois rF-- rC-- AC+8}
   (You found it on level 5 of the Dungeon)

   [amulet of nothing]

   AC:        It affects your AC (+8).
   rF:        It makes you very vulnerable to fire.
   rC:        It makes you very vulnerable to cold.
   rPois:     It protects you from poison.
 M - a ring of ice
Wands
 w - a wand of paralysis (12)
 y - a wand of light (9)
 C - a wand of flame (76)
 H - a wand of digging (5)
 J - a wand of mindburst (4)
 N - a wand of roots (12)
Scrolls
 g - 2 scrolls of teleportation
 i - 3 scrolls of fog
 j - a scroll of amnesia
 l - 4 scrolls of poison
 m - 4 scrolls of identify
 n - 3 scrolls of silence
 r - 3 scrolls of enchant weapon
 z - 2 scrolls of torment
 A - a scroll of fear
 I - 2 scrolls of enchant armour
 L - 3 scrolls of magic mapping
Potions
 a - a potion of invisibility
 c - 3 potions of lignification
 d - a potion of haste
 e - a potion of heal wounds
 h - 6 potions of brilliance
 q - a potion of resistance {unknown}
 s - 2 potions of flight
 u - 2 potions of mutation
 v - a potion of degeneration
 B - 6 potions of curing


   Skills:
 + Level 11.7 Fighting
 - Level 14.0 Polearms
 + Level 10.8 Armour
 + Level 10.8 Shields


You had 11 spell levels left.
You didn't know any spells.
Your spell library contained the following spells:

 Spells                   Type           Power      Damage    Failure   Level
 Static Discharge         Conj/Air       0%         3-3/arc   96%         2
 Conjure Flame            Conj/Fire      0%         6-21      99%         3
 Dazzling Flash           Conj/Hex       0%         N/A       99%         3
 Ignite Poison            Fire/Tmut/Pois 0%         N/A       99%         3
 Portal Projectile        Hex/Tloc       0%         N/A       99%         3
 Dispel Undead            Necr           0%         3d6       100%        4
 Sticky Flame             Conj/Fire      0%         2d3       100%        4
 Summon Mana Viper        Hex/Summ       0%         N/A       100%        5
 Yara's Violent Unravell  Hex/Tmut       0%         3d3       100%        5


Dungeon Overview and Level Annotations

Branches:
Dungeon (12/15)            Temple (1/1) D:5            Lair (0/5) D:8
    Orc (0/2) D:11

Altars:
Ashenzari
Cheibriados
Dithmenos
Elyvilon
Fedhas
Gozag
Hepliaklqana
Kikubaaqudgha
Makhleb
Nemelex Xobeh
Okawaru
Qazlal
Ru
Sif Muna
Trog
Uskayaw
Vehumet
Wu Jian
Xom
Yredelemnul
Zin
The Shining One

Shops:
D:8 *   D:12 *

Annotations:
D:3 2 transporters, Zeldest's ghost, amateur TeMo
D:5 2 runed translucent doors, RascalDebosk's ghost, amateur FoFi
D:6 3 runed translucent doors, gdog's ghost, weakling GnDe


Message History

You puncture the enormous slime creature!
The enormous slime creature is heavily wounded.
You hit the enormous slime creature.
The enormous slime creature is heavily wounded.
The enormous slime creature barely misses you.
You hit the enormous slime creature.
The enormous slime creature is heavily wounded.
You puncture the enormous slime creature!
The enormous slime creature is heavily wounded.
The enormous slime creature hits you!!!
Ouch! That really hurt!
You are too injured to fight recklessly!
You are too injured to fight recklessly!
You are too injured to fight recklessly!
You are too injured to fight recklessly!
You are too injured to fight recklessly!
You are too injured to fight recklessly!
You are too injured to fight recklessly!
You are too injured to fight recklessly!
You are too injured to fight recklessly!
The enormous slime creature attacks as you move away!
You block the enormous slime creature's attack.
The enormous slime creature attacks as you move away!
The enormous slime creature hits you but does no damage.
There is a stone staircase leading up here.
The enormous slime creature attacks as you move away!
You block the enormous slime creature's attack.
The enormous slime creature attacks as you move away!
The enormous slime creature hits you but does no damage.
Reach: o) +3 trident
Press: ? - help, Dir - move target, f - enormous slime creature
Aim: an enormous slime creature (heavily wounded, about 14% to evade your +3 trident)
You barely miss the enormous slime creature.
The enormous slime creature is heavily wounded.
You block the enormous slime creature's attack.
As you read the scroll of fear, it crumbles to dust.
You assume a fearsome visage.
The enormous slime creature resists with almost no effort.
The enormous slime creature hits you!!!
You die...

#...........##....
###...........##....
#...................
#.............####..
#.............# ##.
#.............# #.
#.............# #.
#.............#####.
#..@#####+#.......'.
#..J# #.#.#######.
#...# #.#.# ## #...#
#.#.#
#...#####.#.########
#...<...............
#...#######.########
##### ###


You could see an enormous slime creature.

Vanquished Creatures
  Gastronok (D:8)
  3 death yaks
  3 two-headed ogres (D:9)
  3 ugly things
  2 manticores (D:11)
  A cyclops (D:12)
  Maurice (D:11)
  2 gargoyles (D:12)
  Maggie (D:8)
  5 kobold demonologists
  3 trolls
  2 hornets
  A slime creature (D:12)
  Sigmund (D:6)
  2 wraiths (D:10)
  5 wyverns
  4 yaks
  A shadow (D:9)
  A steam dragon (D:10)
  A basilisk (D:12)
  4 vampire mosquitoes (D:12)
  2 acid dragons
  3 orc warriors
  A black bear (D:7)
  An ice beast (D:6)
  3 ogres (D:7)
  7 centaurs
  9 bullfrogs
  9 kobold brigands
  A necrophage (D:5)
  2 scorpions (D:5)
  A gnoll sergeant (D:10)
  12 wights (D:9)
  18 killer bees
  6 howler monkeys
  A lava snake (D:8)
  An orc priest (D:9)
  2 gnoll boudas
  A jelly (D:7)
  5 hounds
  2 iguanas
  A hell rat (D:8)
  5 orc wizards
  Robin (D:2)
  23 gnolls
  A river rat (D:8)
  6 adders
  A shadow imp (D:8)
  A white imp (D:7)
  5 ufetubi
  A worm (D:2)
  4 dart slugs
  20 orcs
  7 endoplasms
  4 giant cockroaches
  14 goblins
  7 hobgoblins
  2 jackals (D:3)
  7 quokkas
  6 ball pythons
  3 bats
  3 frilled lizards
  17 kobolds
  3 rats
  A spectral orc (D:9)
277 creatures vanquished.

Vanquished Creatures (collateral kills)
  An orc warrior (D:11)
1 creature vanquished.

Vanquished Creatures (others)
  6 orcs (D:11)
  3 fungi (D:6)
  A plant (D:6)
10 creatures vanquished.

Grand Total: 288 creatures vanquished

Notes
Turn   | Place    | Note
-------+----------+-------------------------------------------
     0 | D:1      | Persephone the Hill Orc Fighter began the quest for the
                  | Orb.
     0 | D:1      | Reached XP level 1. HP: 19/19 MP: 1/1
   114 | D:1      | Reached XP level 2. HP: 26/26 MP: 2/2
   155 | D:1      | Reached skill level 3 in Polearms
   666 | D:1      | Reached XP level 3. HP: 31/31 MP: 3/3
   786 | D:1      | Found a faded altar of an unknown god.
   888 | D:2      | Reached skill level 4 in Polearms
   889 | D:2      | Noticed Robin
   902 | D:2      | Killed Robin
  1184 | D:2      | Reached XP level 4. HP: 39/39 MP: 4/4
  1950 | D:3      | Reached skill level 5 in Polearms
  2117 | D:3      | You fall into a shaft and drop 1 floor!
  2367 | D:3      | Found a transporter.
  2370 | D:3      | Noticed Zeldest's ghost (amateur TeMo)
  2450 | D:3      | Reached XP level 5. HP: 45/45 MP: 5/5
  2544 | D:3      | Found a transporter.
  2684 | D:4      | Identified a scroll of acquirement
  2684 | D:4      | Acquired the +0 pair of boots of Ashenzari's Generosity
                  | {Str+2 Int+5}
  2746 | D:4      | Noticed a wyvern
  2758 | D:4      | Killed a wyvern
  2759 | D:4      | Reached skill level 7 in Polearms
  2759 | D:4      | Reached XP level 6. HP: 31/51 MP: 6/6
  3620 | D:5      | Entered Level 5 of the Dungeon
  3651 | D:5      | Found a runed translucent door.
  3652 | D:5      | Noticed RascalDebosk's ghost (amateur FoFi)
  3690 | D:5      | Reached skill level 8 in Polearms
  3690 | D:5      | Reached XP level 7. HP: 55/57 MP: 7/7
  3720 | D:5      | Got the Precepts of Charms
  3729 | D:5      | Found a sacrificial altar of Ru.
  3818 | D:5      | Found the amulet of Elemental Vulnerability {rPois rF--
                  | rC-- AC+8}
  3950 | D:5      | Found a runed translucent door.
  3984 | D:5      | Reached skill level 9 in Polearms
  4261 | D:5      | Found a staircase to the Ecumenical Temple.
  4296 | Temple   | Entered the Ecumenical Temple
  4790 | D:6      | Noticed Sigmund
  4796 | D:6      | Killed Sigmund
  4797 | D:6      | Reached skill level 10 in Polearms
  4797 | D:6      | Reached XP level 8. HP: 64/64 MP: 8/8
  5112 | D:6      | Reached skill level 11 in Polearms
  5295 | D:6      | Found a runed translucent gate.
  5296 | D:6      | Found a runed translucent gate.
  5297 | D:6      | Found a runed translucent gate.
  5299 | D:6      | Noticed a kobold demonologist
  5299 | D:6      | Noticed gdog's ghost (weakling GnDe)
  5459 | D:7      | Noticed a wyvern
  5470 | D:7      | Killed a wyvern
  5489 | D:7      | Reached skill level 12 in Polearms
  5600 | D:7      | Became a worshipper of Beogh the Brigand
  5706 | D:7      | Reached XP level 9. HP: 28/70 MP: 9/9
  7038 | D:8      | Found Rooganue's Fire Supplies.
  7044 | D:8      | Bought a +1 helmet of fire resistance for 214 gold pieces
  7071 | D:8      | Found a blossoming altar of Fedhas.
  7077 | D:8      | Reached skill level 13 in Polearms
  7177 | D:8      | Noticed Gastronok
  7200 | D:8      | Killed Gastronok
  7201 | D:8      | Reached skill level 5 in Fighting
  7201 | D:8      | Reached skill level 5 in Armour
  7201 | D:8      | Reached skill level 5 in Shields
  7201 | D:8      | Reached XP level 10. HP: 24/83 MP: 10/10
  7615 | D:8      | Noticed a death yak
  7617 | D:8      | Noticed a death yak
  7618 | D:8      | Noticed a death yak
  7650 | D:7      | Killed a death yak
  7814 | D:8      | Found a staircase to the Lair.
  7845 | D:8      | Killed a death yak
  7849 | D:8      | Killed a death yak
  7922 | D:8      | Found a shimmering blue altar of Sif Muna.
  7967 | D:8      | Noticed Maggie
  7976 | D:8      | Killed Maggie
  8184 | D:8      | Reached skill level 14 in Polearms
  8293 | D:9      | Reached * piety under Beogh
  8480 | D:9      | Reached XP level 11. HP: 43/94 MP: 11/11
  8994 | D:9      | Noticed a two-headed ogre
  9010 | D:9      | Killed a two-headed ogre
  9522 | D:9      | Noticed a two-headed ogre
  9536 | D:9      | Killed a two-headed ogre
  9545 | D:9      | Found a hazy altar of Hepliaklqana.
  9559 | D:9      | Found a basalt altar of Yredelemnul.
  9847 | D:9      | Reached ** piety under Beogh
  9957 | D:9      | Found an ornate altar of the Wu Jian Council.
 10288 | D:9      | Noticed a two-headed ogre
 10296 | D:9      | Killed a two-headed ogre
 10345 | D:9      | Noticed a red ugly thing
 10354 | D:9      | Killed a red ugly thing
 11028 | D:10     | Entered Level 10 of the Dungeon
 11130 | D:10     | Found a glowing golden altar of the Shining One.
 11153 | D:10     | Reached skill level 10 in Fighting
 11565 | D:10     | Found a stormy altar of Qazlal.
 11566 | D:10     | Found a burning altar of Makhleb.
 11777 | D:11     | Noticed a manticore
 11788 | D:11     | Killed a manticore
 11789 | D:11     | Reached XP level 12. HP: 87/107 MP: 12/12
 11894 | D:11     | Reached *** piety under Beogh
 11933 | D:11     | Noticed a soul eater
 12162 | D:11     | Found a staircase to the Orcish Mines.
 12171 | D:11     | Reached skill level 10 in Shields
 12188 | D:11     | Reached skill level 10 in Armour
 12864 | D:11     | Noticed Maurice
 12868 | D:11     | Paralysed by Maurice for 4 turns
 12883 | D:11     | Paralysed by Maurice for 4 turns
 12896 | D:11     | Killed Maurice
 13465 | D:12     | Noticed a sun demon
 14769 | D:12     | Found Muteof's Serpentskin Sales.
 15275 | D:12     | Slain by an enormous slime creature

Illustrated notes

Levels and vault maps discovered:
D:1:      giann_horns, layout_basic, serial_curves, eino_curves_01,
          eino_curves_03, basic_ecumenical_altar
D:2:      layout_loops_ring, minmay_domino_4, uniq_robin
D:3:      layout_loops_ring, gammafunk_ghost_stat_death, minivault_25
D:4:      layout_loops_corners
D:5:      layout_rooms, nicolae_ru_awakened_eye, minmay_temple_entry_trees,
          ebering_ghost_sewer_f
D:6:      layout_basic, gammafunk_ghost_nasty_kobolds, uniq_sigmund
D:7:      layout_basic
D:8:      layout_loops_cross, fedhas_bush_and_centaur_altar,
          mainiacjoe_overflow_concentric_impassable, dpeg_lair_monsters,
          nicolae_lava_and_water, nicolae_shop_fire_sale
          [nicolae_sub_dead_trees], uniq_maggie, uniq_gastronok
D:9:      layout_loops_ring, yredelemnul_forgotten_temple_becter,
          nzn_hepliaklqana_mist_gate, amcnicky_altar_gilded,
          kennysheep_kite_vault
D:10:     layout_irregular_city, mainiacjoe_overflow_divided_tiny,
          kennysheep_mini
D:11:     layout_basic, david_orc_2, uniq_maurice
D:12:     layout_basic, guppyfry_shop_venom
Temple:   nicolae_temple_figure_eight

Skill      XL: |  1  2  3  4  5  6  7  8  9 10 11 12 |
---------------+-------------------------------------+-----
Polearms       | 3 4 5 7 8 10 12 13 14 | 14.0
Fighting       | 5 7 10 11 | 11.7
Armour         | 5 7 9 10 | 10.8
Shields        | 5 7 9 10 | 10.8

Action                   |  1- 3 |  4- 6 |  7- 9 | 10-12 || total
-------------------------+-------+-------+-------+-------++-------
Melee: Trident           |   118 |   180 |   261 |   877 ||  1436
Invok: Convert to Beogh  |       |       |     1 |       ||     1
  Use: Scroll            |       |     1 |    17 |     7 ||    25
       Potion            |       |       |     3 |     2 ||     5
 Stab: Distracted        |       |       |       |     1 ||     1
Armor: Scale mail        |    31 |    52 |    79 |   166 ||   328
Dodge: Dodged            |    40 |    61 |    60 |    95 ||   256
Block: Buckler           |    22 |    68 |    26 |       ||   116
       Reflection        |       |     2 |    13 |    11 ||    26
       Kite shield       |       |       |   115 |   493 ||   608
